 Dungeon Crawl Stone Soup version 0.17-a0-1210-g1e4f09d (webtiles) character file.

10961 OTRawrior the Conjurer (level 11, -5/64 HPs)
             Began as a Gargoyle Wizard on June 3, 2015.
             Was an Elder of Vehumet.
             Slain by a spiny frog (15 damage)
             ... on level 2 of the Lair of Beasts.
             The game lasted 00:50:09 (15219 turns).

OTRawrior the Conjurer (Gargoyle Wizard)           Turns: 15219, Time: 00:50:09

Health: -5/64      AC: 17    Str: 10    XL:     11   Next: 70%
Magic:  14/30      EV: 11    Int: 23    God:    Vehumet [****..]
Gold:   704        SH:  0    Dex:  8    Spells: 5 memorised, 7 levels left

rFire  . . .     SeeInvis +     j - +4 hand axe of Roih Zao {venom, rPois}
rCold  . . .     Clarity  .     f - +0 ring mail
rNeg   + . .     SustAt   .     (no shield)
rPois  ∞         Gourm    .     m - +1 helmet
rElec  +         Spirit   .     (no cloak)
rCorr  .         Warding  .     s - +0 pair of gloves
rMut   .         Stasis   .     (no boots)
MR     .....                    (no amulet)
Stlth  +.........               g - ring of magical power
                                K - ring of see invisible

@: not resistant to hostile enchantments, very unstealthy
A: negative energy resistance 1, electricity resistance, unbreathing,
petrification resistance, rot immunity, AC +7
a: Renounce Religion


You were on level 2 of the Lair of Beasts.
You worshipped Vehumet.
Vehumet was greatly pleased with you.
You were hungry.

You visited 3 branches of the dungeon, and saw 13 of its levels.
You also visited: Ossuary.

You collected 704 gold pieces.

Inventory:

Hand weapons
 j - the +4 hand axe of Roih Zao (weapon) {venom, rPois}
   (You found it on level 6 of the Dungeon)

   It poisons the flesh of those it strikes.
   It protects you from poison.
 C - a +2 dagger of venom
Armour
 f - a +0 ring mail (worn)
 m - a +1 helmet (worn)
 s - a +0 pair of gloves (worn)
Rods
 T - a +0 rod of destruction (13/13)
   (You found it on level 2 of the Lair of Beasts)
Jewellery
 g - a ring of magical power (right hand)
 h - an uncursed ring of protection from cold
 i - an uncursed ring of sustain attributes
 y - an uncursed ring of stealth
 K - a ring of see invisible (left hand)
 X - an uncursed amulet of warding
Magical devices
 x - a wand of frost (23)
 A - a wand of fire (8)
 B - a wand of magic darts (6)
 E - a wand of polymorph (19)
 H - a wand of slowing (30)
 I - a wand of enslavement (1)
 L - a wand of random effects (6)
 P - a wand of lightning (6)
 U - a wand of magic darts (22)
 W - a wand of frost (18)
 Y - a wand of slowing (23)
Scrolls
 b - a scroll of amnesia
 e - 5 scrolls of identify
 k - 2 scrolls of enchant weapon
 n - 3 scrolls of remove curse
 p - 3 scrolls of fog
 r - 4 scrolls of magic mapping
 v - 2 scrolls of recharging
 D - 2 scrolls of blinking
 G - a scroll of enchant armour
 O - a scroll of fear
Potions
 l - 3 potions of heal wounds
 o - 2 potions of haste
 t - 2 potions of might {unknown}
 u - 2 potions of flight {unknown}
 F - 3 potions of curing
 M - a potion of agility
 N - 2 potions of brilliance {unknown}
Books
 c - a book of Minor Magic

   Spells                             Type                      Level
   a - Magic Dart                     Conjuration                  1
   b - Blink                          Translocation                2
   c - Call Imp                       Summoning                    2
   d - Repel Missiles                 Charms/Air                   2
   e - Slow                           Hexes                        2
   f - Conjure Flame                  Conjuration/Fire             3
   g - Mephitic Cloud                 Conjuration/Poison/Air       3
 w - a book of the Earth

   Spells                             Type                      Level
   a - Leda's Liquefaction            Hexes/Earth                  4
   b - Bolt of Magma                  Conjuration/Fire/Earth       5
   c - Statue Form                    Transmutation/Earth          6
   d - Iron Shot                      Conjuration/Earth            6
   e - Shatter                        Earth                        9
 S - a book of Power

   Spells                             Type                      Level
   a - Fulminant Prism                Conjuration/Hexes            4
   b - Iskenderun's Mystic Blast      Conjuration                  4
   c - Venom Bolt                     Conjuration/Poison           5
   d - Bolt of Magma                  Conjuration/Fire/Earth       5
   e - Iron Shot                      Conjuration/Earth            6
   f - Orb of Destruction             Conjuration                  7
   g - Spellforged Servitor           Conjuration/Summoning        7
Miscellaneous
 q - a plain deck of summoning
 R - a plain deck of defence
Comestibles
 a - a royal jelly
 d - 7 bread rations
 z - 8 fruits
 J - 6 beef jerkies
 Q - a slice of pizza
 V - a meat ration


   Skills:
 + Level 5.5 Fighting
 + Level 5.7 Armour
 + Level 5.0 Dodging
 - Level 2.1 Stealth
 + Level 6.6 Spellcasting
 + Level 7.7 Conjurations
   Level 0.8 Summonings
   Level 0.8 Translocations
 * Level 7.7 Fire Magic
 * Level 6.3 Air Magic
 + Level 5.1 Evocations


You had 7 spell levels left.
You knew the following spells:

 Your Spells              Type           Power        Failure   Level  Hunger
a - Magic Dart            Conj           ####         1%          1    None
b - Conjure Flame         Conj/Fire      #####...     1%          3    None
c - Mephitic Cloud        Conj/Pois/Air  ####....     2%          3    None
d - Orb of Destruction    Conj           #####.....   98%         7    #######
A - Repel Missiles        Chrm/Air       ###...       10%         2    None


Dungeon Overview and Level Annotations

Branches:
Dungeon (10/15)            Temple (1/1) D:4            Lair (2/8) D:9
    Orc (0/4) D:10

Altars:
Ashenzari
Cheibriados
Dithmenos
Elyvilon
Fedhas
Gozag
Kikubaaqudgha
Makhleb
Nemelex Xobeh
Qazlal
Ru
Sif Muna
Trog
Vehumet
Xom
Yredelemnul
The Shining One
Beogh

Shops:
D:7 *

Annotations:
D:2 Natasha


Innate Abilities, Weirdness & Mutations

You are resistant to torment.
Your stone body is resilient (AC +7).
You are immune to poison.
You resist negative energy.
You are resistant to electric shocks.
You can survive without breathing.
You are immune to petrification.
You are immune to rotting.


Message History

The spiny frog is severely wounded.
The spiny frog stings you but does no damage.
Casting: Magic Dart
Confirm with . or Enter, or press ? or * to list all spells.
Aiming: Magic Dart
Press: ? - help, Shift-Dir - straight line, f/p - spiny frog
Aim: a spiny frog (severely wounded)
The magic dart hits the spiny frog.
The spiny frog is severely wounded.
The spiny frog stings you!
* * * LOW HITPOINT WARNING * * *
Casting: Magic Dart
Confirm with . or Enter, or press ? or * to list all spells.
Aiming: Magic Dart
Press: ? - help, Shift-Dir - straight line, f/p - spiny frog
Aim: a spiny frog (severely wounded)
The magic dart hits the spiny frog.
The spiny frog is severely wounded.
The spiny frog stings you!
You die...

.....##...##......#
.....##...+.......# .$
.....#....##......# ...
#....##...........# ....
#######...####P..###....
.P##.......######.#.....
........[...............
........................
................@F......
........................
.#..#........P.#.#.#....
.#.................# ...
....#..................... ..
...................#<....##..
...........P................
....##.....#.............P.
....##.............#.....#


You could see a spiny frog.

Vanquished Creatures
  The ghost of Vivisectus the Thaumaturge, an experienced DECj of Sif Muna (D:9)
  An unseen horror (D:10)
  Pikel (D:8)
  2 hill giants (D:10)
  A troll (D:9)
  A two-headed ogre (D:10)
  2 deep elf magi (D:10)
  21 yaks
  A wyvern (D:10)
  2 water moccasins
  4 sky beasts
  2 slaves (D:8)
  An ice beast (D:10)
  2 porcupines (Lair:1)
  6 orc warriors
  A centaur (D:5)
  5 ogres
  4 giant frogs
  Blork the orc (D:6)
  2 big kobolds (D:6)
  A gnoll sergeant (D:6)
  2 scorpions
  8 killer bees (D:10)
  3 wights (D:6)
  2 electric eels (D:6)
  5 crimson imps
  2 centaur zombies
  A giant frog skeleton (D:10)
  Ijyb (D:2)
  2 hounds
  6 orc priests
  A centaur skeleton (D:10)
  6 worker ants
  Terence (D:2)
  3 iguanas
  7 orc wizards
  A big kobold zombie (Ossuary)
  A hound zombie (D:10)
  2 mummies
  A worker ant zombie (D:9)
  17 adders
  17 gnolls (D:6)
  A river rat (Lair:1)
  3 shadow imps
  2 oozes
  3 worms
  An adder zombie (D:6)
  4 adder skeletons
  32 orcs
  21 bats
  A bat skeleton (D:4)
  2 bat zombies (D:7)
  6 giant cockroaches
  36 hobgoblins
  4 jackals (D:5)
  16 kobolds
  A ball python (D:1)
  5 giant geckos
  4 giant newts
  46 goblins
  5 quokkas
  12 rats
  A plant (Lair:1)
357 creatures vanquished.

Vanquished Creatures (collateral kills)
  7 river rats (Lair:1)
7 creatures vanquished.

Vanquished Creatures (others)
  A giant frog skeleton (D:8)
  An orc wizard (D:6)
  A gnoll (D:6)
  A rat (D:8)
4 creatures vanquished.

Grand Total: 368 creatures vanquished

Notes
Turn   | Place    | Note
--------------------------------------------------------------
     0 | D:1      | OTRawrior the Gargoyle Wizard began the quest for the Orb.
     0 | D:1      | Reached XP level 1. HP: 10/10 MP: 4/4
   442 | D:1      | Reached XP level 2. HP: 15/15 MP: 1/6
   446 | D:1      | Learned a level 2 spell: Repel Missiles
  1105 | D:1      | Reached XP level 3. HP: 19/19 MP: 3/7
  1110 | D:1      | Learned a level 3 spell: Conjure Flame
  1476 | D:2      | Noticed Natasha
  1986 | D:2      | Reached XP level 4. HP: 24/24 MP: 0/9
  2051 | D:2      | Noticed Terence
  2137 | D:2      | Killed Terence
  2144 | D:2      | Reached skill level 4 in Conjurations
  2398 | D:2      | Noticed Ijyb
  2570 | D:2      | Killed Ijyb
  2570 | D:2      | Reached XP level 5. HP: 24/28 MP: 1/10
  2845 | D:2      | Found a deep blue altar of Sif Muna.
  3034 | D:2      | Learned a level 3 spell: Mephitic Cloud
  3555 | D:3      | Found a glowing golden altar of the Shining One.
  3838 | D:4      | Found a sand-covered staircase.
  3853 | Ossuary  | Entered an ossuary
  3880 | Ossuary  | Reached skill level 5 in Conjurations
  4209 | D:4      | Found an opulent altar of Gozag.
  4249 | D:4      | Found a staircase to the Ecumenical Temple.
  4254 | Temple   | Entered the Ecumenical Temple
  4270 | Temple   | Became a worshipper of Vehumet
  4304 | D:4      | Reached XP level 6. HP: 32/32 MP: 12/12
  4406 | D:4      | Found a bloodstained altar of Trog.
  4606 | D:4      | Reached skill level 1 in Fire Magic
  4940 | D:5      | Entered Level 5 of the Dungeon
  4988 | D:5      | Acquired Vehumet's first power
  4988 | D:5      | Offered knowledge of Flame Tongue by Vehumet.
  4988 | D:5      | Reached skill level 1 in Fighting
  4988 | D:5      | Reached skill level 1 in Air Magic
  5121 | D:5      | Reached skill level 1 in Evocations
  5441 | D:5      | Reached XP level 7. HP: 11/38 MP: 8/13
  5825 | D:5      | Found a basalt altar of Yredelemnul.
  6433 | D:6      | Reached skill level 1 in Armour
  6511 | D:6      | Reached XP level 8. HP: 42/44 MP: 7/14
  6697 | D:6      | Got a twisted hand axe
  6698 | D:6      | Identified the +4 hand axe of Roih Zao {venom, rPois} (You found it on level 6 of the Dungeon)
  7005 | D:6      | Found a sparkling altar of Nemelex Xobeh.
  7197 | D:6      | Offered knowledge of Throw Flame by Vehumet.
  7709 | D:6      | Offered knowledge of Dazzling Spray by Vehumet.
  7887 | D:6      | Noticed Blork the orc
  7899 | D:6      | Killed Blork the orc
  7915 | D:6      | Acquired Vehumet's second power
  7934 | D:6      | Reached XP level 9. HP: 50/50 MP: 16/16
  7959 | D:6      | Reached skill level 5 in Spellcasting
  8091 | D:6      | Offered knowledge of Force Lance by Vehumet.
  8125 | D:6      | Reached skill level 6 in Conjurations
  8519 | D:6      | You fall through a shaft!
  8574 | D:7      | Found Suagy's Assorted Antiques.
  8655 | D:7      | Found a shadowy altar of Dithmenos.
  9148 | D:7      | Acquired Vehumet's third power
  9345 | D:8      | Noticed a centaur zombie
  9352 | D:8      | Noticed Pikel
  9394 | D:8      | Killed a centaur zombie
  9394 | D:8      | Reached skill level 5 in Fire Magic
  9698 | D:8      | Killed Pikel
  9705 | D:8      | Reached XP level 10. HP: 56/56 MP: 18/18
  9756 | D:8      | Offered knowledge of Fulminant Prism by Vehumet.
 10393 | D:9      | Noticed Vivisectus's ghost (experienced DECj)
 10437 | D:9      | Found a staircase to the Lair.
 10927 | D:9      | Killed Vivisectus's ghost
 11307 | D:9      | Reached skill level 5 in Air Magic
 11633 | D:9      | Found a blossoming altar of Fedhas.
 11633 | D:9      | Found a basalt altar of Yredelemnul.
 11634 | D:9      | Found a white marble altar of Elyvilon.
 11752 | D:10     | Entered Level 10 of the Dungeon
 11775 | D:10     | Reached skill level 7 in Conjurations
 12191 | D:10     | Reached XP level 11. HP: 48/62 MP: 20/20
 12198 | D:10     | Reached skill level 5 in Armour
 12278 | D:10     | Noticed a hill giant
 12438 | D:10     | Noticed an unseen horror
 12464 | D:10     | Killed an unseen horror
 12623 | D:10     | Offered knowledge of Conjure Ball Lightning by Vehumet.
 12623 | D:10     | Reached skill level 5 in Fighting
 12828 | D:10     | Noticed a hill giant
 12836 | D:10     | Killed a hill giant
 13068 | D:10     | Found a roughly hewn altar of Beogh.
 13070 | D:10     | Found a staircase to the Orcish Mines.
 13325 | D:10     | Noticed a hill giant
 13339 | D:10     | Killed a hill giant
 13729 | D:10     | Reached skill level 5 in Evocations
 14526 | Lair:1   | Entered Level 1 of the Lair of Beasts
 14629 | Lair:1   | Learned a level 7 spell: Orb of Destruction
 14671 | Lair:1   | Reached skill level 5 in Dodging
 15219 | Lair:2   | Slain by a spiny frog

Vault maps used:
D:1:      arrival_zaba_pyramid, corner_web_ring
D:2:      led_sif_pool, uniq_terence, uniq_natasha, uniq_iyjb
D:3:      tso_altar, first_bread
D:4:      old_standard_altar, grunt_gozag_statues, temple_doors_e,
          lightli_ossuary_entry_decrepit_ruins
D:5:      basic_altar
D:6:      minmay_goblin_kobold_castle, kennysheep_mini, uniq_blork_the_orc
D:7:      kennysheep_little_box, serial_shops, shop, grunt_ogre_cave
D:8:      uniq_pikel
D:9:      gammafunk_temple_overflow_claw, lair_0_dummy
D:10:     david_orc_5, serial_co_window_serial, co_window_paths_a,
          co_window_of_opportunity_a, co_window_corner_a, co_window_paths_b,
          co_window_corner_a, co_window_paths_a, co_window_corner_a,
          co_window_corner_cb, co_window_of_opportunity_c, co_window_broadway_b,
          co_window_paths_d, glass_columns_a, glass_columns_a, glass_columns_b,
          glass_columns_a
Temple:   triangle_lava_temple_11
Lair:2:   lemuel_reptile_caves, tgw_fedhas
Ossuary:  ossuary_tomb_3

Action                   |  1- 3 |  4- 6 |  7- 9 | 10-12 || total
-------------------------+-------+-------+-------+-------++-------
Melee: Unarmed           |    42 |       |       |       ||    42
       Dagger            |    54 |    97 |    21 |       ||   172
       Hand axe          |       |       |   139 |   293 ||   432
 Cast: Magic Dart        |   113 |   217 |   307 |   100 ||   737
       Conjure Flame     |       |     2 |     1 |    10 ||    13
       Mephitic Cloud    |       |     2 |    20 |    46 ||    68
       Repel Missiles    |       |     2 |     1 |       ||     3
Evoke: Wand              |       |       |     3 |       ||     3
  Use: Scroll            |     3 |     6 |    10 |     6 ||    25
       Potion            |       |     7 |       |       ||     7
 Stab: Confused          |       |       |     2 |    12 ||    14
  Eat: Chunk             |     3 |     7 |     8 |     9 ||    27
       Meat ration       |       |     1 |     2 |     1 ||     4
